 Dungeon Crawl Stone Soup version 0.25-a0-1057-gcb8d101 (webtiles) character file.

Game seed: 14694988850495188639, levelgen mode: deterministic

471 Faca the Ruffian (level 7, -1/62 HPs)
             Began as a Ghoul Gladiator on May 13, 2020.
             Killed from afar by a goblin (28 damage)
             ... with an exploding inner flame
             ... led by Robin
             ... hexed by the player character
             ... on level 3 of the Dungeon.
             The game lasted 00:03:14 (2080 turns).

Faca the Ruffian (Ghoul Gladiator)                  Turns: 2080, Time: 00:03:14

Health: -1/62      AC:  6    Str: 20    XL:     7   Next: 9%
Magic:  6/6        EV: 12    Int:  3    God:
Gold:   55         SH:  0    Dex: 10    Spells: 6/6 levels left

rFire    . . .     SeeInvis .     - Unarmed
rCold    + . .     Gourm    .   (no shield)
rNeg     + + +     Faith    .   a - +0 leather armour
rPois    ∞         Spirit   .   b - +1 helmet
rElec    .         Reflect  .   g - +0 cloak
rCorr    .         Harm     .   (no gloves)
MR       .....                  (no boots)
Stlth    +.........             (no amulet)
HPRegen  0.00/turn              (no ring)
MPRegen  0.10/turn              (no ring)

@: rotting
A: rotting body, claws 1, carnivore, cold resistance 1, negative energy
resistance 3, inhibited regeneration, torment resistance, unbreathing
a: no special abilities


You were on level 3 of the Dungeon.
You were not hungry.

You visited 1 branch of the dungeon, and saw 3 of its levels.

You collected 55 gold pieces.

Inventory:

Missiles
 c - 2 throwing nets (quivered)
Armour
 a - a +0 leather armour (worn)
 b - a +1 helmet (worn)
 g - a +0 cloak (worn)
Scrolls
 f - 2 scrolls of enchant armour
 o - a scroll of remove curse
Potions
 e - a potion of berserk rage {unknown}
 h - 3 potions of flight
 j - a potion of curing
 l - a potion of cancellation {unknown}
 m - a potion of brilliance {unknown}
 n - a potion of heal wounds {unknown}
Comestibles
 d - 7 rations
 i - 7 chunks of flesh


   Skills:
 + Level 5.9 Fighting
 - Level 1.7 Throwing
 - Level 2.6 Dodging
 + Level 6.4 Unarmed Combat


You had 6 spell levels left.
You didn't know any spells.
Your spell library was empty.

Dungeon Overview and Level Annotations

Branches:
Dungeon (2/15)

Altars:
Ashenzari

Annotations:
D:3 Robin


Innate Abilities, Weirdness & Mutations

Your body is rotting away.
You thrive on raw meat.
You are immune to poison.
You have sharp fingernails.
You are carnivorous and can eat meat at any time.
Your flesh is cold resistant. (rC+)
You are immune to negative energy. (rN+++)
You do not regenerate when monsters are visible.
You are immune to unholy pain and torment.
You can survive without breathing.


Message History

You hear a shout! x2
As you read the scroll labeled BELEHE DABO, it crumbles to dust.
The creatures around you are filled with an inner flame!
It was a scroll of immolation.
The goblin barely misses you. The goblin closely misses you.
The orc completely misses you.
Okay, then.
You scratch the goblin.
Flame seeps out of the goblin.
The goblin is moderately wounded.
The goblin is engulfed in blazing flames.
The goblin explodes!
The fiery explosion engulfs the orc!!!
The orc explodes!
The fiery explosion engulfs the orc priest!!!
The orc priest explodes!
The fiery explosion engulfs you!!
Ouch! That really hurt!
The fiery explosion engulfs the goblin!!
The goblin explodes!
The fiery explosion engulfs you!!
You die...

#.. ## ... .. ..#
o####?# o.##.#
##.. #
#.##§##.....
###.##§##○§g....#
#.....§§§@#
#.####§§###
#.####..#
#.##....#
#.##%##.#
#.##.##.#
#..÷....#
#.......#
#.##.##.#


You could see a goblin (inner flame, strong).

Vanquished Creatures
  Grinder (D:3)
  Sigmund (D:3)
  An orc priest (D:3)
  3 adders
  2 oozes (D:2)
  A worm (D:2)
  3 dart slugs (D:1)
  An orc (D:3)
  A ball python (D:3)
  2 giant cockroaches (D:1)
  4 goblins
  2 hobgoblins
  7 jackals
  10 bats
  3 frilled lizards
  4 kobolds
  5 rats
51 creatures vanquished.

Notes
Turn   | Place    | Note
-------+----------+-------------------------------------------
     0 | D:1      | Faca the Ghoul Gladiator began the quest for the Orb.
     0 | D:1      | Reached XP level 1. HP: 17/17 MP: 0/0
   215 | D:1      | Reached XP level 2. HP: 25/25 MP: 1/1
   491 | D:1      | Reached XP level 3. HP: 15/31 MP: 2/2
   494 | D:1      | Reached skill level 4 in Unarmed Combat
  1421 | D:2      | Reached XP level 4. HP: 34/38 MP: 3/3
  1446 | D:2      | Found a shattered altar of Ashenzari.
  1578 | D:2      | You fall into a shaft and drop 1 floor!
  1608 | D:3      | Noticed Grinder
  1646 | D:3      | Paralysed by Grinder for 5 turns
  1651 | D:3      | Killed Grinder
  1651 | D:3      | Reached skill level 5 in Fighting
  1651 | D:3      | Reached skill level 5 in Unarmed Combat
  1651 | D:3      | Reached XP level 5. HP: 4/48 MP: 4/4
  1651 | D:3      | Reached XP level 6. HP: 5/56 MP: 5/5
  1936 | D:3      | Noticed Sigmund
  1947 | D:3      | Killed Sigmund
  1947 | D:3      | Reached skill level 6 in Unarmed Combat
  2024 | D:3      | Reached XP level 7. HP: 60/60 MP: 6/6
  2077 | D:3      | Noticed Robin
  2080 | D:3      | Killed from afar by a goblin

Illustrated notes

Levels and vault maps discovered:
D:1:      saegor_arrival_simple_b, layout_loops_corners
D:2:      layout_rooms, evilmike_ruin_ashenzari, lemuel_tele_altar
D:3:      layout_loops_cross, lemuel_doored_altar, portal_sewer_entry_b,
          first_ration, skrybe_limestone_x, uniq_robin, uniq_sigmund,
          uniq_grinder, uniq_terence

Skill      XL: |  1  2  3  4  5  6 |
---------------+-------------------+-----
Fighting       | 3 5 |  5.9
Unarmed Combat | 4 5 6 |  6.4
Throwing       | |  1.7
Dodging        | |  2.6

Action                   |  1- 3 |  4- 6 |  7- 9 || total
-------------------------+-------+-------+-------++-------
Melee: Unarmed           |   111 |    45 |    14 ||   170
       Punch             |       |     1 |       ||     1
Throw: Throwing net      |       |     1 |       ||     1
  Use: Scroll            |     7 |       |     1 ||     8
  Eat: Chunk             |     5 |     1 |     2 ||     8
Armor: Leather armour    |    32 |    10 |     6 ||    48
Dodge: Dodged            |    78 |    24 |    18 ||   120

Table legend:
 A = Non-vault XP
 B = Vault XP
 C = Vault XP percentage of total XP
 D = Non-vault monster count
 E = Vault monster count
 F = Vault count percentage of total count
                 A         B        C        D         E       F
            +---------+---------+-------+---------+---------+-------
      Total |     172 |     502 |  74.5 |      48 |       3 |   5.9
            +---------+---------+-------+---------+---------+-------
        D:1 |      44 |       0 |   0.0 |      24 |       0 |   0.0
        D:2 |      63 |       0 |   0.0 |      17 |       0 |   0.0
        D:3 |      65 |     502 |  88.5 |       7 |       3 |  30.0
            +---------+---------+-------+---------+---------+-------
